 Dungeon Crawl Stone Soup version 0.31.0 (webtiles) character file.

Game seed: 61426561864163917

99 qw the Shooter (level 4, -2/28 HPs)
             Began as a Gargoyle Hunter on Jan 20, 2024.
             Slain by Sigmund
             ... wielding a +0 scythe
              (3 damage)
             ... on level 2 of the Dungeon.
             The game lasted 00:00:05 (1239 turns).

qw the Shooter (Gargoyle Hunter)                    Turns: 1239, Time: 00:00:05

Health: -2/28      AC:  8    Str: 14    XL:     4   Next: 72%
Magic:  4/4        EV: 11    Int: 10    God:
Gold:   159        SH:  0    Dex: 15    Spells: 3/3 levels left

rFire   . . .        a - +0 shortbow
rCold   . . .        (shield currently unavailable)
rNeg    + . .        c - +0 leather armour
rPois   inf          (no helmet)
rElec   +            (no cloak)
rCorr   +            e - +1 pair of gloves
SInv    .            (no boots)
Will    .....        (no amulet)
Stlth   ++           d - ring of resist corrosion
HPRegen 0.24/turn    (no ring)
MPRegen 0.09/turn

%: no passive effects
@: no status effects
A: sickness immunity, AC +3, negative energy resistance 1, electricity
resistance, torment resistance 1, petrification resistance
a: no special abilities


You were on level 2 of the Dungeon.
You visited 1 branch of the dungeon, and saw 2 of its levels.

You collected 159 gold pieces.


Innate Abilities, Weirdness & Mutations

You are immune to sickness and miasma.
Your stone body is resilient. (AC +3)
You are immune to poison.
You resist negative energy. (rN+)
You are resistant to electric shocks. (rElec)
You are resistant to unholy torment.
You are immune to petrification.


   Skills:
 - Level 3.5 Fighting
 + Level 5.3 Ranged Weapons
 - Level 1.5 Dodging
 - Level 1.1 Stealth


You had 3 spell levels left.
You didn't know any spells.
Your spell library was empty.

Inventory:

Hand Weapons
 a - a +0 shortbow (weapon)
Armour
 c - a +0 leather armour (worn)
 e - a +1 pair of gloves (worn)
Jewellery
 d - a ring of resist corrosion (left hand)
Scrolls
 h - 2 scrolls of teleportation {unknown}
 i - a scroll of identify {unknown}
Potions
 b - 2 potions of heal wounds {unknown}
 f - a potion of lignification {unknown}
 g - a potion of haste {unknown}

Dungeon Overview and Level Annotations

Branches:
Dungeon (2/15)

Altars:

Annotations:
D:2 Sigmund


Message History

The stream of webbing hits you but does no damage.
You are caught in a web!
The web tears apart.
You shoot an arrow. The arrow hits the ribbon worm.
The ribbon worm is moderately wounded.
Sigmund hits you but does no damage. The ribbon worm bites you.
You shoot an arrow.
The arrow barely misses the ribbon worm.
Sigmund hits you but does no damage.
The ribbon worm bites you but does no damage.
You shoot an arrow. The arrow hits the ribbon worm.
The ribbon worm is moderately wounded.
The ribbon worm bites you.
Sigmund casts a spell.
Sigmund flickers and vanishes!
Deactivating autopickup; reactivate with Ctrl-A.
You shoot an arrow. The arrow hits the ribbon worm!
The ribbon worm is severely wounded.
Something hits you but does no damage.
The ribbon worm bites you but does no damage.
You shoot an arrow.
The arrow barely misses the ribbon worm.
The ribbon worm bites you but does no damage.
Something barely misses you.
You shoot an arrow. The arrow hits the ribbon worm!
The ribbon worm is almost dead.
The ribbon worm bites you.
You shoot an arrow. The arrow hits the ribbon worm.
The ribbon worm is almost dead.
A magic dart appears from out of thin air!
The magic dart hits you.
The ribbon worm bites you but does no damage.
You shoot an arrow. The arrow hits the ribbon worm!
You kill the ribbon worm!
Something hits you!
You shoot an arrow. Something hits you!
1239 ||| FLEEEEING.
Something hits you.
You die...

. #..........# #. ....
#..[.......#####. .....
#................
......###..........#####.
.......................#.
......##............##.#.
......##..####...#..##...
#...%##{...........####
#..@................
########........##....#.
.......#........##....#.
.......#................
.....%..........##...... #
........................ .###
####..............#..
....######.......#######......
#........###....## ##......


There were no monsters in sight!

Vanquished Creatures
  A jelly (D:2)
  An adder (D:2)
  3 dart slugs
  2 ribbon worms (D:2)
  12 endoplasms
  5 giant cockroaches
  3 goblins (D:1)
  4 hobgoblins
  A kobold (D:1)
  A quokka (D:1)
  4 bats (D:1)
  4 frilled lizards (D:1)
  4 rats (D:1)
45 creatures vanquished.

Notes
Turn   | Place    | Note
-------+----------+-------------------------------------------
     0 | D:1      | qw the Gargoyle Hunter began the quest for the Orb.
     0 | D:1      | Reached XP level 1. HP: 12/12 MP: 1/1
     0 | D:1      | 0 ||| qw: Version: 0.3-a-132-g3d54051
     0 | D:1      | 0 ||| qw: Game counter: 447
     0 | D:1      | 0 ||| qw: Melee chars always use a shield: true
     0 | D:1      | 0 ||| qw: God list: Okawaru
     0 | D:1      | 0 ||| qw: Allow faded altars: false
     0 | D:1      | 0 ||| qw: Do Orc after clearing Dungeon:15 true
     0 | D:1      | 0 ||| qw: Do second Lair branch before Depths: true
     0 | D:1      | 0 ||| qw: Lair rune preference: random
     0 | D:1      | 0 ||| qw: Goals: Normal
     0 | D:1      | 0 ||| PLANNING D:1-11
    70 | D:1      | Reached XP level 2. HP: 17/17 MP: 2/2
   284 | D:1      | Reached XP level 3. HP: 18/21 MP: 3/3
   287 | D:1      | Reached skill level 5 in Ranged Weapons
   812 | D:1      | 812 ||| UPGRADING to +0 pair of gloves.
   817 | D:1      | 817 ||| UPGRADING to ring of resist corrosion.
   818 | D:1      | 818 ||| READING scroll labelled COLA WEUPILEFF.
   819 | D:1      | 819 ||| READING scroll labelled EPAKKA ASAS.
   820 | D:1      | 820 ||| READING scroll labelled RON AVVOUFUHI.
   921 | D:1      | 921 ||| READING scroll labelled OQOAS IXAUR OLY.
   921 | D:1      | 921 ||| ENCHANTING +0 pair of gloves.
   922 | D:1      | 922 ||| DROPPING scroll of butterflies.
   963 | D:2      | Reached skill level 3 in Fighting
   963 | D:2      | Reached XP level 4. HP: 28/28 MP: 4/4
  1010 | D:2      | 1010 ||| FLEEEEING.
  1213 | D:2      | Noticed Sigmund
  1238 | D:2      | HP: 1/28 [something (8)]
  1239 | D:2      | 1239 ||| FLEEEEING.
  1239 | D:2      | Slain by Sigmund

Levels and vault maps discovered:
D:1:      dpeg_arrival_prison, layout_loops_ring, minmay_close_crescents
D:2:      layout_rooms, solitary_fountain, uniq_sigmund, uniq_crazy_yiuf_cottage

Skill      XL: |  1  2  3 |
---------------+----------+-----
Ranged Weapons | 5 |  5.3
Fighting       | 3 |  3.5
Dodging        | |  1.5
Stealth        | |  1.1

Action                     |  1- 3 |  4- 6 || total
---------------------------+-------+-------++-------
   Fire: Shortbow          |   108 |    48 ||   156
    Use: Scroll            |     4 |       ||     4
 Armour: Leather armour    |    32 |    23 ||    55
  Dodge: Dodged            |    19 |     6 ||    25

Table legend:
 A = Non-vault XP
 B = Vault XP
 C = Vault XP percentage of total XP
 D = Non-vault monster count
 E = Vault monster count
 F = Vault count percentage of total count
                 A         B        C        D         E       F
            +---------+---------+-------+---------+---------+-------
      Total |     127 |      15 |  10.6 |      37 |       8 |  17.8
            +---------+---------+-------+---------+---------+-------
        D:1 |      45 |      15 |  25.0 |      25 |       8 |  24.2
        D:2 |      82 |       0 |   0.0 |      12 |       0 |   0.0
            +---------+---------+-------+---------+---------+-------
